[Event "December 5 Early 2023"]
[Site "https://www.chess.com"]
[Date "2023.12.05"]
[Round "2"]
[White "Hajiyev, Kanan"]
[Black "Miladinovic, Igor"]
[Result "0-1"]
[Board "68"]
[TimeControl "180+1"]
[WhiteFideId "13404148"]
[BlackFideId "4203380"]
[WhiteElo "2553"]
[BlackElo "2795"]
[WhiteTeam "AZE"]
[BlackTeam "SRB"]
[WhiteClock "0:00:00"]
[BlackClock "0:01:15"]

1. d4 d5 2. Nf3 Bf5 3. c4 e6 4. cxd5 exd5 5. Nc3 c6 6. Bg5 Qb6 7. Qd2 Nd7 8. e3 Ngf6 9. Bxf6 Nxf6 10. Bd3 Bxd3 11. Qxd3 Qxb2 12. O-O Bb4 13. Na4 Qa3 14. Qxa3 Bxa3 15. Rab1 Rb8 16. Rb3 Bd6 17. Rfb1 b6 18. Rc1 Kd7 19. Nb2 Rhc8 20. Nd3 c5 21. Nfe5+ Ke6 22. Nf4+ Ke7 23. Kf1 g5 24. Ne2 c4 25. Rbb1 b5 26. Ng3 Ke6 27. f4 b4 28. Ke2 h5 29. fxg5 Bxe5 30. dxe5 Ng4 31. e4 d4 32. Nxh5 d3+ 33. Kd2 Kxe5 34. h3 Nf2 35. Ke3 Nxe4 36. Nf4 d2 37. Rc2 Nc3 38. Rf1 d1=Q 39. Rxd1 Nxd1+ 40. Ke2 Nc3+ 41. Ke3 Nd5+ 0-1

[Event "December 5 Early 2023"]
[Site "https://www.chess.com"]
[Date "2023.12.05"]
[Round "2"]
[White "Zamorano, Jorge"]
[Black "Vovk, Orest"]
[Result "0-1"]
[Board "69"]
[TimeControl "180+1"]
[WhiteFideId "173770"]
[BlackFideId "14113490"]
[WhiteElo "2793"]
[BlackElo "2552"]
[WhiteTeam "ARG"]
[BlackTeam "UKR"]
[WhiteClock "0:00:29"]
[BlackClock "0:01:13"]

1. d4 h6 2. c4 g5 3. Nc3 Bg7 4. e4 c5 5. d5 Bxc3+ 6. bxc3 d6 7. h4 Qa5 8. Qc2 g4 9. f4 gxf3 10. Nxf3 Bg4 11. Rb1 b6 12. Rb5 Qa6 13. e5 Bxf3 14. gxf3 dxe5 15. f4 Nd7 16. Bh3 Ngf6 17. Rg1 e4 18. a4 O-O-O 19. a5 Rhg8 20. Rg2 Rxg2 21. Qxg2 Rg8 22. Bxd7+ Kxd7 23. Qh3+ Kd8 24. Qf5 Rg1+ 25. Kd2 e3+ 26. Kxe3 Rxc1 27. d6 Re1+ 28. Kf2 Re6 29. dxe7+ Kxe7 30. Qb1 Ne4+ 31. Kg2 Nxc3 0-1

[Event "December 5 Early 2023"]
[Site "https://www.chess.com"]
[Date "2023.12.05"]
[Round "2"]
[White "Manukyan, Sargis A."]
[Black "Halkias, Stelios"]
[Result "1-0"]
[Board "70"]
[TimeControl "180+1"]
[WhiteFideId "13303970"]
[BlackFideId "4201809"]
[WhiteElo "2552"]
[BlackElo "2788"]
[WhiteTeam "ARM"]
[BlackTeam "GRE"]
[WhiteClock "0:00:16"]
[BlackClock "0:00:14"]

1. d4 Nf6 2. c4 e6 3. Nc3 d5 4. cxd5 exd5 5. Bg5 c6 6. e3 Be7 7. Nf3 h6 8. Bh4 O-O 9. Bd3 Ne4 10. Bxe7 Qxe7 11. O-O Re8 12. Bxe4 dxe4 13. Nd2 Bf5 14. f3 exf3 15. Qxf3 Bg6 16. Rae1 Na6 17. a3 Rad8 18. Nc4 Nc7 19. Ne5 Ne6 20. Nxg6 fxg6 21. Qg4 Kh7 22. h4 Rf8 23. h5 gxh5 24. Qxh5 Ng5 25. Qe2 Rxf1+ 26. Rxf1 Re8 27. Qd3+ Kg8 28. e4 c5 29. Qc4+ Kh7 30. dxc5 Qe5 31. Qd5 Qg3 32. Qf5+ Kh8 33. Kh1 Re5 34. Qf4 Qxf4 35. Rxf4 Rxc5 36. Rf8+ Kh7 37. Re8 b5 38. Re7 a6 39. Kg1 Rc4 40. e5 b4 41. axb4 Rxb4 42. Nd5 Rxb2 43. Nf6+ Kg6 44. Ne8 Rb1+ 45. Kf2 Kf5 46. Nxg7+ Kf4 47. Nh5+ Kg4 48. Nf6+ Kf5 49. Nd5 Ne4+ 50. Ke3 Re1+ 51. Kd4 Rd1+ 52. Kc4 Rc1+ 53. Kd4 Rd1+ 54. Kc4 a5 55. Re8 Rc1+ 56. Kd4 Rd1+ 57. Kc4 a4 58. Ne3+ Kf4 59. Nxd1 a3 60. Kb3 Nd2+ 61. Kxa3 Nc4+ 62. Kb4 Nxe5 63. Kc3 Ng4 64. Kd2 Kg3 65. Rg8 h5 66. Ne3 Kf4 67. Nxg4 hxg4 68. Ke2 Kg3 69. Kf1 1-0

[Event "December 5 Early 2023"]
[Site "https://www.chess.com"]
[Date "2023.12.05"]
[Round "2"]
[White "Dragnev, Valentin"]
[Black "Erzhanov, Arman"]
[Result "1-0"]
[Board "71"]
[TimeControl "180+1"]
[WhiteFideId "1634852"]
[BlackFideId "4138821"]
[WhiteElo "2786"]
[BlackElo "2551"]
[WhiteTeam "AUT"]
[BlackTeam "KAZ"]
[WhiteClock "0:00:10"]
[BlackClock "0:00:06"]

1. Nf3 c5 2. c4 Nc6 3. Nc3 e5 4. e3 f5 5. d4 e4 6. d5 Nb8 7. Ng1 Nf6 8. h4 Bd6 9. h5 O-O 10. h6 g6 11. Be2 Be5 12. Qc2 d6 13. Bd2 Na6 14. a3 Nc7 15. b4 b6 16. Nh3 Bd7 17. Nf4 Qe7 18. Rb1 Na6 19. Nb5 Bxb5 20. cxb5 Nc7 21. bxc5 dxc5 22. Bc4 Qd6 23. Bc3 Bxc3+ 24. Qxc3 Rad8 25. Rd1 Rd7 26. Ke2 Nce8 27. a4 Ng4 28. a5 Ne5 29. axb6 axb6 30. Ra1 Nf6 31. Ra6 Rb8 32. Rha1 Nxc4 33. Qxc4 g5 34. Ne6 Qxd5 35. Qxd5 Nxd5 36. Nxg5 Nc3+ 37. Kf1 Rbd8 38. g3 Rd1+ 39. Kg2 R1d2 40. Rxb6 Nd1 41. Ra7 Nxe3+ 42. Kh3 Rxf2 43. Rg7+ Kf8 44. Nxh7+ Ke8 45. Re6# 1-0

[Event "December 5 Early 2023"]
[Site "https://www.chess.com"]
[Date "2023.12.05"]
[Round "2"]
[White "Tologon tegin, Semetei"]
[Black "GMVignirVatnar"]
[Result "1-0"]
[Board "72"]
[TimeControl "180+1"]
[WhiteFideId "13800574"]
[WhiteElo "2549"]
[BlackElo "2784"]
[WhiteTeam "KGZ"]
[WhiteClock "0:00:40"]
[BlackClock "0:00:00"]

1. Nf3 d5 2. e3 Nf6 3. d4 e6 4. Bd3 c5 5. O-O Nc6 6. b3 Bd6 7. Bb2 O-O 8. Nbd2 b6 9. a3 Bb7 10. c4 cxd4 11. exd4 Rc8 12. Re1 Na5 13. c5 bxc5 14. dxc5 Bb8 15. Ne5 Nc6 16. Nxc6 Bxc6 17. Ba6 Rc7 18. Be5 Rd7 19. b4 Bxe5 20. Rxe5 Qb8 21. Qe2 d4 22. Rg5 1-0

[Event "December 5 Early 2023"]
[Site "https://www.chess.com"]
[Date "2023.12.05"]
[Round "2"]
[White "Lortkipanidze, Nodar"]
[Black "Pham, Le Thao Nguyen"]
[Result "1-0"]
[Board "73"]
[TimeControl "180+1"]
[WhiteFideId "13604058"]
[BlackFideId "12401226"]
[WhiteElo "2781"]
[BlackElo "2547"]
[WhiteTeam "GEO"]
[BlackTeam "VIE"]
[WhiteClock "0:01:00"]
[BlackClock "0:00:00"]

1. e4 c5 2. Nf3 e6 3. c3 d5 4. exd5 exd5 5. d4 Nc6 6. Bd3 Bd6 7. O-O Nge7 8. dxc5 Bxc5 9. h3 O-O 10. Bf4 Bf5 11. Qc2 Bg6 12. Nbd2 Rc8 13. Nb3 Bb6 14. Bxg6 hxg6 15. Rad1 Qd7 16. Ne5 Qf5 17. Qxf5 gxf5 18. Nd7 Rfd8 19. Nxb6 axb6 20. Be3 b5 21. a3 Ne5 22. Bb6 Rd7 23. Rfe1 N7g6 24. Bd4 Nc4 25. Nc5 Rdc7 26. Nd3 f6 27. b3 Nxa3 28. Nb4 Rxc3 29. Bxc3 Rxc3 30. Re3 d4 31. Rxd4 Rc1+ 32. Kh2 Nc2 33. Rd8+ Kh7 34. Rc3 Nxb4 35. Rxc1 Nc6 36. Rd7 Nge5 37. Rxb7 Nd4 38. Rc3 Kh6 39. f4 1-0

[Event "December 5 Early 2023"]
[Site "https://www.chess.com"]
[Date "2023.12.05"]
[Round "2"]
[White "Baziuk, Vladyslav"]
[Black "Yuan, Qingyu"]
[Result "0-1"]
[Board "74"]
[TimeControl "180+1"]
[WhiteFideId "34107940"]
[BlackFideId "8609772"]
[WhiteElo "2547"]
[BlackElo "2780"]
[WhiteTeam "UKR"]
[BlackTeam "CHN"]
[WhiteClock "0:00:03"]
[BlackClock "0:00:27"]

1. e4 e6 2. d4 d5 3. e5 c5 4. c3 Nc6 5. Nf3 Qb6 6. Bd3 Bd7 7. dxc5 Bxc5 8. O-O a5 9. Qe2 Nge7 10. Nbd2 Ng6 11. Nb3 Be7 12. Nbd4 O-O 13. a4 Rae8 14. Nb5 f6 15. Bxg6 hxg6 16. Be3 Bc5 17. Bxc5 Qxc5 18. exf6 gxf6 19. Nh4 Kf7 20. b4 Qe7 21. Qg4 Rg8 22. f4 axb4 23. Rae1 bxc3 24. Nc7 Qc5+ 25. Kh1 Re7 26. Qg3 Nd4 27. Nb5 Bxb5 28. axb5 c2 29. f5 exf5 30. Rxe7+ Qxe7 31. Qd3 Qc5 32. Rc1 Qc4 33. Qd2 Nb3 0-1

[Event "December 5 Early 2023"]
[Site "https://www.chess.com"]
[Date "2023.12.05"]
[Round "2"]
[White "KhalilMousavi98"]
[Black "Santos Flores, Alberto"]
[Result "1-0"]
[Board "75"]
[TimeControl "180+1"]
[BlackFideId "3601234"]
[WhiteElo "2780"]
[BlackElo "2547"]
[BlackTeam "ECU"]
[WhiteClock "0:00:13"]
[BlackClock "0:00:34"]

1. d4 Nf6 2. c4 d6 3. Nc3 e5 4. Nf3 e4 5. Ng5 Qe7 6. Qc2 Bf5 7. f3 Nc6 8. e3 Nxd4 9. Qa4+ Bd7 10. Qd1 Nc6 11. Ngxe4 Nxe4 12. Nxe4 g6 13. Nc3 Be6 14. Nd5 Bxd5 15. cxd5 Ne5 16. Bb5+ Nd7 17. O-O Bg7 18. Qc2 Rc8 19. e4 O-O 20. Be3 f5 21. a4 fxe4 22. fxe4 a6 23. Bg5 Nf6 24. Bd3 h6 25. Bh4 g5 26. Be1 Ng4 27. Bc3 Ne5 28. Be2 Rxf1+ 29. Rxf1 Rf8 30. Rxf8+ Qxf8 31. Qd2 Ng6 32. Bg4 Qf4 33. Be6+ Kf8 34. Bxg7+ Kxg7 35. Qc3+ Kf8 36. Qxc7 Qe3+ 37. Kf1 Qd3+ 38. Ke1 Qxe4+ 39. Kd2 Qxg2+ 40. Kc3 Qf3+ 41. Kb4 Ne5 42. Qxd6+ Ke8 43. Qxe5 Qf4+ 44. Qxf4 gxf4 45. Bg4 Ke7 46. Kc5 1-0

[Event "December 5 Early 2023"]
[Site "https://www.chess.com"]
[Date "2023.12.05"]
[Round "2"]
[White "Lux,Hugo de Melo"]
[Black "Starozhilov, Leonid"]
[Result "1/2-1/2"]
[Board "76"]
[TimeControl "180+1"]
[WhiteFideId "2138298"]
[BlackFideId "14106752"]
[WhiteElo "2546"]
[BlackElo "2766"]
[WhiteTeam "BRA"]
[BlackTeam "UKR"]
[WhiteClock "0:00:20"]
[BlackClock "0:00:12"]

1. e4 c6 2. Ne2 d5 3. e5 h5 4. d4 h4 5. Nf4 Bf5 6. e6 fxe6 7. Bd3 Qd6 8. Ng6 Bxg6 9. Bxg6+ Kd8 10. Qf3 Nf6 11. c3 e5 12. dxe5 Qxe5+ 13. Be3 Nbd7 14. O-O h3 15. Bf4 Qe6 16. Nd2 hxg2 17. Rfe1 Qg4 18. Qxg4 Nxg4 19. Nf3 e5 20. Nxe5 Ndxe5 21. Bxe5 Nxe5 22. Rxe5 Bd6 23. Rh5 Rxh5 24. Bxh5 Kc7 25. Bg4 Re8 26. Kxg2 g5 27. Rd1 b5 28. h3 a5 29. b3 Re4 30. Bf3 Re5 31. Rd4 Bc5 32. Rd2 Be7 33. Re2 Bf6 34. Rxe5 Bxe5 35. c4 dxc4 36. bxc4 b4 37. Bd1 Kd6 38. Kf3 Kc5 39. Ba4 Kxc4 40. Bxc6 Kc3 41. Ke4 Bd6 42. Kd5 Bh2 43. Kc5 Kb2 44. Bd5 Ka3 45. Kb5 a4 46. Kc4 Bg1 47. Kd3 Bxf2 48. Kc2 Bh4 49. Be6 Bg3 50. Bd5 Be5 51. Be6 Bf6 52. Bd5 Be7 53. Be6 Bd8 54. Bd5 Bc7 55. Be6 Bg3 56. Bd5 Be5 57. Be6 Bf6 58. Bd5 Be7 59. Be6 Bd8 60. Bd5 g4 61. hxg4 Bg5 62. Be6 Bf6 63. Bd5 Bg5 64. Be6 Bf6 65. Bd5 Bg5 1/2-1/2

[Event "December 5 Early 2023"]
[Site "https://www.chess.com"]
[Date "2023.12.05"]
[Round "2"]
[White "Korchmar, Vasiliy"]
[Black "Bilan, Danila"]
[Result "1-0"]
[Board "77"]
[TimeControl "180+1"]
[WhiteFideId "24131750"]
[BlackFideId "24161918"]
[WhiteElo "2764"]
[BlackElo "2546"]
[WhiteTeam "RUS"]
[BlackTeam "RUS"]
[WhiteClock "0:00:05"]
[BlackClock "0:00:15"]

1. e4 c5 2. d4 cxd4 3. Qxd4 e6 4. Nc3 d6 5. Nf3 a6 6. Bg5 Nf6 7. O-O-O Nc6 8. Qd3 Be7 9. Bxf6 gxf6 10. Kb1 b5 11. Ne2 Bb7 12. Ned4 Qb6 13. Nxc6 Qxc6 14. Re1 b4 15. Nd4 Qc5 16. f4 a5 17. f5 e5 18. Qb5+ Qxb5 19. Bxb5+ Kf8 20. Bc6 Bxc6 21. Nxc6 Rg8 22. Re2 Ra6 23. Nxe7 Kxe7 24. Rd1 h5 25. Rd3 h4 26. a4 Rg4 27. Rd5 Rf4 28. Rb5 Rf1+ 29. Ka2 Rh1 30. Rb7+ Kf8 31. h3 Rd1 32. Kb3 d5 33. exd5 Rxd5 34. Re4 Rd2 35. Rxh4 Rc6 36. Rh7 Rcxc2 37. Rhxf7+ Kg8 38. Rfe7 Rxb2+ 39. Kc4 Rbc2+ 40. Kb5 Rd5+ 41. Ka6 Rc8 42. Rg7+ Kh8 43. Rh7+ Kg8 44. h4 Ra8+ 45. Kb6 Rd6+ 46. Kc5 Rd4 47. h5 b3 48. Rbg7+ Kf8 49. h6 Rc8+ 50. Kb6 Rd6+ 51. Kxa5 Rd5+ 52. Kb4 Rd4+ 53. Ka3 Rxa4+ 54. Kxa4 Ra8+ 55. Kxb3 Rb8+ 56. Kc2 Rc8+ 57. Kd2 Rd8+ 58. Ke2 Rd7 59. Rh8# 1-0

[Event "December 5 Early 2023"]
[Site "https://www.chess.com"]
[Date "2023.12.05"]
[Round "2"]
[White "Albornoz Cabrera, Carlos Daniel"]
[Black "Kashefi, Amir Hosein"]
[Result "1-0"]
[Board "78"]
[TimeControl "180+1"]
[WhiteFideId "3518736"]
[BlackFideId "12557935"]
[WhiteElo "2763"]
[BlackElo "2544"]
[WhiteTeam "CUB"]
[BlackTeam "IRI"]
[WhiteClock "0:00:14"]
[BlackClock "0:00:00"]

1. Nf3 d5 2. d4 Nf6 3. c4 c6 4. Nc3 Bf5 5. cxd5 Nxd5 6. Qb3 Qb6 7. Qxb6 Nxb6 8. e4 Bg6 9. Be3 N8d7 10. O-O-O e6 11. h4 h6 12. h5 Bh7 13. Be2 Bb4 14. Bd3 Nf6 15. e5 Nfd5 16. Bxh7 Rxh7 17. Ne4 O-O-O 18. a3 Be7 19. Rh3 f5 20. exf6 gxf6 21. Nc5 Bxc5 22. dxc5 Na4 23. Rh4 Nxe3 24. Rxd8+ Kxd8 25. Rxa4 Nxg2 26. Rxa7 Nf4 27. Nd4 Rd7 28. Ra8+ Ke7 29. Nb3 Kf7 30. Kc2 Nxh5 31. Na5 Nf4 32. Rb8 h5 33. Nxb7 h4 34. Nd6+ Kg7 35. Rb4 e5 36. Nf5+ Kf7 37. Nxh4 Nd3 38. Rb6 Nxc5 39. Rxc6 Ne6 40. Nf5 Nd4+ 41. Nxd4 Rxd4 42. Rc3 Rf4 43. f3 Rh4 44. b4 Ke6 45. b5 Kd5 46. b6 Rh8 47. a4 Ra8 48. Rb3 Kc6 49. a5 Kb7 50. Rb5 Rc8+ 51. Kd3 Rd8+ 52. Ke3 Rd4 53. Rc5 Ka6 54. Rc8 Rb4 55. Ra8+ Kb7 56. Ra7+ Kc6 57. Rc7+ Kd6 58. Rf7 Ke6 59. Ra7 f5 60. b7 Rb3+ 61. Kd2 e4 62. Ra6+ 1-0

[Event "December 5 Early 2023"]
[Site "https://www.chess.com"]
[Date "2023.12.05"]
[Round "2"]
[White "Saravana, Krishnan P."]
[Black "Wagner, Dennis"]
[Result "1/2-1/2"]
[Board "79"]
[TimeControl "180+1"]
[WhiteFideId "5018382"]
[BlackFideId "24650684"]
[WhiteElo "2544"]
[BlackElo "2762"]
[WhiteTeam "IND"]
[BlackTeam "GER"]
[WhiteClock "0:00:10"]
[BlackClock "0:00:05"]

1. e4 c5 2. Nf3 Nc6 3. Bb5 g6 4. Bxc6 bxc6 5. O-O Bg7 6. Re1 Nh6 7. c3 O-O 8. d4 cxd4 9. cxd4 d5 10. e5 f6 11. exf6 exf6 12. h3 Nf5 13. b3 Bd7 14. Nc3 Re8 15. Na4 Bf8 16. Bd2 Rxe1+ 17. Qxe1 Qe8 18. Qf1 g5 19. Rc1 Qg6 20. Qd3 Kh8 21. Nh2 Bd6 22. Nc5 Bxc5 23. Rxc5 Re8 24. Nf1 g4 25. hxg4 Qxg4 26. Ne3 Nxe3 27. Bxe3 Bf5 28. Qf1 Bd7 29. Rc3 Rg8 30. f3 Qh5 31. Rc2 Bf5 32. Rf2 Bh3 33. Qc1 Bd7 34. Bf4 Qf5 35. Qd2 Re8 36. Bh2 Qb1+ 37. Rf1 Qg6 38. Re1 Rg8 39. Re7 Bh3 40. g3 Bf5 41. Re1 Qh5 42. Qf4 Qg6 43. g4 Bb1 44. Re7 Bxa2 45. Re6 Rf8 46. Kg2 Bxb3 47. Kg3 a5 48. Qd6 Kg7 49. Re7+ Rf7 50. Rxf7+ Qxf7 51. Qxc6 a4 52. Qc5 Qd7 53. Kf2 Bc4 54. g5 fxg5 55. Be5+ Kf7 56. Qb6 a3 57. Qf6+ Ke8 58. Qh8+ Ke7 59. Qf6+ Ke8 60. Qh8+ Ke7 61. Qf6+ Ke8 1/2-1/2

[Event "December 5 Early 2023"]
[Site "https://www.chess.com"]
[Date "2023.12.05"]
[Round "2"]
[White "Grutter, Tim"]
[Black "Samunenkov, Ihor"]
[Result "0-1"]
[Board "80"]
[TimeControl "180+1"]
[WhiteFideId "1057472"]
[BlackFideId "14187086"]
[WhiteElo "2543"]
[BlackElo "2758"]
[WhiteTeam "NED"]
[BlackTeam "UKR"]
[WhiteClock "0:00:02"]
[BlackClock "0:00:04"]

1. Nf3 d5 2. e3 Nf6 3. b3 e6 4. Bb2 Bd6 5. Be2 O-O 6. O-O Nbd7 7. c4 c6 8. d3 e5 9. cxd5 cxd5 10. Nc3 a6 11. h3 Re8 12. Rc1 b6 13. Nd2 Bb7 14. e4 d4 15. Ncb1 b5 16. Nf3 Nc5 17. Ba3 Rc8 18. Qd2 Qb6 19. Bb4 Ne6 20. Ba5 Qa7 21. Rxc8 Rxc8 22. Rc1 Qb8 23. g3 Nd7 24. Ng5 Nec5 25. Bg4 h5 26. Bxh5 Nxd3 27. Rxc8+ Qxc8 28. Qxd3 Qc1+ 29. Qd1 Qxg5 30. Bd2 Qd8 31. Qf3 Nf6 32. Bg5 Be7 33. Bxf6 Bxf6 34. Nd2 Qa5 35. Nf1 Qc3 36. Qf5 Bc8 37. Qf3 Qxf3 38. Bxf3 Kf8 39. h4 Be7 40. Nh2 Bb7 41. Kf1 Bd6 42. Ke2 Ke7 43. Kd3 a5 44. h5 Ba6 45. Kd2 Bb4+ 46. Kd3 Be1 47. Ke2 Bc3 48. Kd1 b4 49. Be2 d3 50. Bf1 Bd4 51. Ng4 Kd6 52. Ne3 Kc5 53. Kd2 Bc3+ 54. Kd1 Bd4 55. Kd2 Bc3+ 56. Kd1 Bb7 57. Nf5 Bxe4 58. Nxg7 Bf3+ 59. Kc1 d2+ 60. Kc2 d1=Q# 0-1

[Event "December 5 Early 2023"]
[Site "https://www.chess.com"]
[Date "2023.12.05"]
[Round "2"]
[White "Wagh Suyog"]
[Black "Thorfinnsson, Bjorn"]
[Result "1-0"]
[Board "81"]
[TimeControl "180+1"]
[WhiteFideId "25071688"]
[BlackFideId "2300982"]
[WhiteElo "2758"]
[BlackElo "2542"]
[WhiteTeam "IND"]
[BlackTeam "ISL"]
[WhiteClock "0:00:13"]
[BlackClock "0:00:00"]

1. e4 e5 2. Nf3 Nc6 3. Bb5 Nge7 4. O-O d6 5. Re1 Bd7 6. c4 Ng6 7. Nc3 Be7 8. d4 O-O 9. d5 Nb8 10. Bxd7 Nxd7 11. Be3 a5 12. b3 b6 13. a3 f5 14. b4 f4 15. Bd2 Nh8 16. h3 g5 17. Nh2 Qe8 18. Qg4 h5 19. Qe2 Qg6 20. Nb5 Rfc8 21. f3 Nf7 22. Rec1 Nh6 23. Be1 g4 24. fxg4 hxg4 25. Nxg4 Nxg4 26. Qxg4 Qxg4 27. hxg4 Kf7 28. Kf2 Nf6 29. Kf3 Nh7 30. Ke2 Nf6 31. Kf3 Nh7 32. Ke2 Nf6 33. bxa5 bxa5 34. Kf3 Nh7 35. Ke2 Nf6 36. Kf3 Nh7 37. Nc3 Rab8 38. Rab1 Rh8 39. Rxb8 Rxb8 40. Nb5 Ng5+ 41. Ke2 Nxe4 42. Bxa5 Rh8 43. Bxc7 Rh2 44. Rg1 Ke8 45. a4 Kd7 46. a5 Ng5 47. a6 f3+ 48. Kf1 Ne4 49. a7 Bh4 50. Ba5 fxg2+ 51. Rxg2 Rh1+ 52. Ke2 Ra1 53. a8=Q Ra2+ 54. Kd1 1-0

[Event "December 5 Early 2023"]
[Site "https://www.chess.com"]
[Date "2023.12.05"]
[Round "2"]
[White "Chylewski, Patryk"]
[Black "Sokolovsky, Yahli"]
[Result "0-1"]
[Board "82"]
[TimeControl "180+1"]
[WhiteFideId "1186191"]
[BlackFideId "2820242"]
[WhiteElo "2542"]
[BlackElo "2755"]
[WhiteTeam "POL"]
[BlackTeam "ISR"]
[WhiteClock "0:00:02"]
[BlackClock "0:00:07"]

1. c4 d6 2. Nf3 e5 3. Nc3 f5 4. g3 Nc6 5. d4 e4 6. Ng5 h6 7. Nh3 g5 8. Ng1 Bg7 9. e3 Nf6 10. h4 g4 11. Nge2 Nh5 12. b3 Nb4 13. Ng1 c5 14. a3 cxd4 15. axb4 dxc3 16. Qc2 Be6 17. Ne2 d5 18. Nxc3 O-O 19. Be2 Qd6 20. Ba3 Nxg3 21. fxg3 Qxg3+ 22. Kd2 d4 23. exd4 Bxd4 24. Rad1 Rad8 25. Kc1 Bxc3 26. Kb1 Bf6 27. Bc1 Qe5 28. Bb2 Qxb2+ 29. Qxb2 Bxb2 30. Kxb2 h5 31. c5 Kf7 32. Rhf1 Ke7 33. b5 Rxd1 34. Bxd1 Rd8 35. Kc3 Rd3+ 36. Kb4 b6 37. c6 Kd6 38. Bc2 Rd2 39. Kc3 Rd5 40. Kb4 Rd4+ 41. Kc3 Rd5 42. Kb4 e3 43. Kc3 e2 44. Re1 Re5 45. Bd3 f4 46. Rxe2 Rxe2 47. Bxe2 f3 48. Bd3 g3 49. Be4 g2 0-1

[Event "December 5 Early 2023"]
[Site "https://www.chess.com"]
[Date "2023.12.05"]
[Round "2"]
[White "Munoz, Francisco Javier"]
[Black "Shuvalov, Evgenij"]
[Result "0-1"]
[Board "83"]
[TimeControl "180+1"]
[WhiteFideId "128368"]
[BlackFideId "4187237"]
[WhiteElo "2754"]
[BlackElo "2540"]
[WhiteTeam "ARG"]
[BlackTeam "FID"]
[WhiteClock "0:00:30"]
[BlackClock "0:00:18"]

1. e4 e6 2. Nc3 d5 3. exd5 exd5 4. d4 Nf6 5. Bf4 Bd6 6. Bxd6 Qxd6 7. Qd3 O-O 8. O-O-O Nc6 9. Nge2 Nb4 10. Qf3 Bg4 11. Qg3 Qxg3 12. hxg3 Bf5 13. Rd2 Ne4 14. Nxe4 Bxe4 15. f3 Bg6 16. a3 Nc6 17. Nf4 Ne7 18. g4 h6 19. Nxg6 Nxg6 20. g3 Rfe8 21. Bd3 Re3 22. Rf2 Rae8 23. Kd2 R3e6 24. f4 Nf8 25. Rfh2 f6 26. Re2 Rxe2+ 27. Bxe2 Ne6 28. c3 Nd8 29. Bf3 c6 30. Re1 Rxe1 31. Kxe1 Nf7 32. Kd2 Nd6 33. b3 Kf7 34. Kd3 b5 35. Ke3 g5 36. Bg2 Ke7 37. Bh1 a5 38. Bf3 a4 39. bxa4 bxa4 40. Bd1 Nc4+ 41. Ke2 Nxa3 42. Bxa4 Kd6 43. Kd3 Nc4 44. Bb3 Na5 45. Ba2 c5 46. Bb1 c4+ 47. Ke3 Nb3 48. Bc2 Nc1 49. Kd2 Nb3+ 50. Bxb3 cxb3 51. Kc1 gxf4 52. gxf4 f5 53. gxf5 h5 54. c4 dxc4 55. f6 h4 56. d5 h3 57. f7 Ke7 58. d6+ Kxf7 59. d7 Ke7 60. Kb2 Kxd7 0-1

[Event "December 5 Early 2023"]
[Site "https://www.chess.com"]
[Date "2023.12.05"]
[Round "2"]
[White "Rangel, Daniel"]
[Black "Atakhan, Abtin"]
[Result "1-0"]
[Board "84"]
[TimeControl "180+1"]
[WhiteFideId "2124475"]
[BlackFideId "22502203"]
[WhiteElo "2535"]
[BlackElo "2747"]
[WhiteTeam "BRA"]
[BlackTeam "IRI"]
[WhiteClock "0:00:04"]
[BlackClock "0:00:00"]

1. d4 Nf6 2. c4 e6 3. Nc3 Bb4 4. e3 O-O 5. Ne2 d5 6. a3 Be7 7. cxd5 exd5 8. Nf4 c6 9. Bd3 Bd6 10. O-O Re8 11. Bd2 Nbd7 12. Qc2 Nf8 13. Rae1 Ng6 14. Nxg6 hxg6 15. f4 Bd7 16. f5 Bxf5 17. Bxf5 gxf5 18. Rxf5 Ne4 19. Nxe4 Rxe4 20. g3 g6 21. Rf2 Qg5 22. Ref1 f5 23. Qb3 Qe7 24. Qd1 Kg7 25. Qf3 Rh8 26. a4 Qg5 27. b4 Rh3 28. Rg2 Qe7 29. b5 c5 30. dxc5 Bxc5 31. Kh1 Kh7 32. Qd1 Rg4 33. Bc1 Qe4 34. Qf3 Qxf3 35. Rxf3 Rxa4 36. Rf1 Ra1 37. Rd1 b6 38. Rgd2 Bxe3 39. Rc2 Rxc1 40. Rcxc1 Bxc1 41. Rxc1 f4 42. Rc7+ Kh6 43. Kg2 Rh5 44. Rxa7 fxg3 45. hxg3 d4 46. Rd7 Rxb5 47. Rxd4 Rb2+ 48. Kh3 b5 49. Rd6 Kg5 50. Rb6 Kf5 51. Rb8 Rb3 52. Rb7 g5 53. Rb8 Rb1 54. Rf8+ Kg6 55. Kg4 Rb4+ 56. Kh3 Rc4 57. Rg8+ Kf6 58. Rf8+ Ke6 59. Re8+ Kd6 60. Rg8 Rc5 61. Rb8 Kc6 62. Kg4 Rd5 63. Rc8+ 1-0

[Event "December 5 Early 2023"]
[Site "https://www.chess.com"]
[Date "2023.12.05"]
[Round "2"]
[White "Tifferet, Shakked"]
[Black "Sahakyan, Aleks"]
[Result "1-0"]
[Board "85"]
[TimeControl "180+1"]
[WhiteFideId "2811529"]
[BlackFideId "13316338"]
[WhiteElo "2535"]
[BlackElo "2733"]
[WhiteTeam "ISR"]
[BlackTeam "ARM"]
[WhiteClock "0:01:03"]
[BlackClock "0:00:00"]

1. e4 e5 2. Nf3 Nc6 3. Nc3 Nf6 4. Be2 Bd6 5. O-O O-O 6. d4 exd4 7. Nxd4 Bb4 8. Nd5 Bc5 9. Nb3 Be7 10. Nxe7+ Qxe7 11. Bf3 Ne5 12. Re1 h6 13. Bf4 d6 14. h3 Bd7 15. Nd4 Rfe8 16. b3 c5 17. Nf5 Nxf3+ 18. Qxf3 Bxf5 19. exf5 Qxe1+ 20. Rxe1 Rxe1+ 21. Kh2 d5 22. Qc3 Re4 23. Bxh6 d4 24. Qg3 Ne8 25. Bxg7 Kh7 26. f6 Rd8 27. Qg5 Kg8 28. Qh6 1-0

[Event "December 5 Early 2023"]
[Site "https://www.chess.com"]
[Date "2023.12.05"]
[Round "2"]
[White "Kotyk, Michael"]
[Black "Kislinsky, Alexey"]
[Result "1-0"]
[Board "86"]
[TimeControl "180+1"]
[WhiteFideId "16214501"]
[BlackFideId "14108801"]
[WhiteElo "2518"]
[BlackElo "2729"]
[WhiteTeam "GER"]
[BlackTeam "CZE"]
[WhiteClock "0:01:15"]
[BlackClock "0:00:00"]

1. e4 c5 2. c3 Nf6 3. e5 Nd5 4. Bc4 Nb6 5. Bb3 Nc6 6. d4 cxd4 7. cxd4 d5 8. Nc3 Bf5 9. Nge2 e6 10. Be3 Rc8 11. Ng3 Bg6 12. O-O Bb4 13. f4 O-O 14. f5 exf5 15. Nxf5 Na5 16. Rc1 Qd7 17. Qg4 Nxb3 18. axb3 Rc6 19. Ne2 Rfc8 20. Rxc6 Rxc6 21. Neg3 Rc2 22. h4 Bf8 23. h5 Bxf5 24. Nxf5 g6 25. hxg6 hxg6 26. Bh6 Rc7 27. Qg5 Qe6 28. Bxf8 Kxf8 29. Qh6+ Ke8 30. Nd6+ Kd7 31. Rxf7+ Kc6 32. Qc1+ Nc4 33. Rxc7+ 1-0

[Event "December 5 Early 2023"]
[Site "https://www.chess.com"]
[Date "2023.12.05"]
[Round "2"]
[White "Karthik Rajaa"]
[Black "Chernomordik, Pavel"]
[Result "0-1"]
[Board "87"]
[TimeControl "180+1"]
[WhiteFideId "25035215"]
[BlackFideId "2804530"]
[WhiteElo "2729"]
[BlackElo "2513"]
[WhiteTeam "IND"]
[BlackTeam "ISR"]
[WhiteClock "0:00:00"]
[BlackClock "0:00:12"]

1. Nf3 g6 2. c4 Bg7 3. Nc3 e5 4. d4 exd4 5. Nxd4 Nc6 6. Nc2 d6 7. g3 h5 8. Bg2 h4 9. Ne3 Be6 10. Ned5 Ne5 11. Qb3 c6 12. Ne3 Qb6 13. f4 Ng4 14. Nxg4 Bxg4 15. Na4 Qc7 16. Bd2 Ne7 17. Bc3 Bxc3+ 18. Nxc3 O-O-O 19. O-O-O hxg3 20. hxg3 Nf5 21. Rxh8 Rxh8 22. Ne4 Rh2 23. Bf3 Bxf3 24. exf3 c5 25. Qc3 Nd4 26. Rxd4 cxd4 27. Qxd4 Qb6 28. Nxd6+ Kd7 29. c5 Qc6 30. Nc4+ Ke8 31. Ne5 Qb5 32. Nd3 Qa5 0-1

[Event "December 5 Early 2023"]
[Site "https://www.chess.com"]
[Date "2023.12.05"]
[Round "2"]
[White "Gabrielian, Artur"]
[Black "Rodriguez Fontecha, Marcos"]
[Result "1-0"]
[Board "88"]
[TimeControl "180+1"]
[WhiteFideId "4131002"]
[BlackFideId "2256576"]
[WhiteElo "2728"]
[BlackElo "2512"]
[WhiteTeam "RUS"]
[BlackTeam "ESP"]
[WhiteClock "0:01:14"]
[BlackClock "0:00:13"]

1. e4 e6 2. d4 d5 3. Nc3 h6 4. Nf3 Nf6 5. Bd3 Bb4 6. e5 Ne4 7. O-O Nxc3 8. bxc3 Bxc3 9. Rb1 Nc6 10. Be3 Bb4 11. Rb3 a5 12. Ne1 Bd7 13. c3 Be7 14. Rxb7 Rb8 15. Rxb8 Qxb8 16. Qg4 g6 17. Qe2 Qb6 18. Nf3 O-O 19. Bxh6 Rb8 20. Qe3 Qb2 21. h4 Qxc3 22. Rc1 Qa3 23. h5 Be8 24. hxg6 fxg6 25. Ng5 Nxd4 26. Rxc7 Nf5 27. Bxf5 exf5 28. Qxa3 Bxa3 29. Nh7 Rb1+ 30. Kh2 Rb6 31. Nf6+ Rxf6 32. Rg7+ Kh8 33. exf6 1-0